 Dungeon Crawl Stone Soup version 0.29-a0-355-g7276a9ff7f (webtiles) character file.

Game seed: 14468339914837117889

2 Morbidden the Skirmisher (level 1, 17/18 HPs)
             Began as a Demonspawn Fighter on Apr 25, 2022.
             Quit the game on level 1 of the Dungeon.
             The game lasted 00:00:06 (51 turns).

Morbidden the Skirmisher (Demonspawn Fighter)         Turns: 51, Time: 00:00:06

Health: 17/18      AC:  6    Str: 16    XL:     1   Next: 25%
Magic:  1/1        EV:  8    Int:  9    God:
Gold:   22         SH:  4    Dex: 12    Spells: 0/0 levels left

rFire   . . .      SeeInvis .   a - +0 rapier
rCold   . . .      Faith    .   c - +0 buckler
rNeg    . . .      Spirit   .   b - +0 scale mail
rPois   .          Reflect  .   (no helmet)
rElec   .          Harm     .   (no cloak)
rCorr   .          Rampage  .   (no gloves)
Will    .....                   (no boots)
Stlth   ..........              (no amulet)
HPRegen 0.06/turn               (no ring)
MPRegen 0.07/turn               (no ring)

@: no status effects
A: no striking features
a: no special abilities


You were on level 1 of the Dungeon.
You visited 1 branch of the dungeon, and saw 1 of its levels.

You collected 22 gold pieces.

Inventory:

Hand Weapons
 a - a +0 rapier (weapon)
Armour
 b - a +0 scale mail (worn)
 c - a +0 buckler (worn)
Scrolls
 e - a scroll of teleportation {unknown}
Potions
 d - a potion of might


   Skills:
 + Level 3.1 Fighting
 + Level 1.7 Short Blades
 + Level 2.6 Armour
 + Level 2.6 Shields


You couldn't memorise any spells.
You didn't know any spells.
Your spell library was empty.

Dungeon Overview and Level Annotations

Branches:
Dungeon (1/15)

Altars:


Message History

Welcome, Morbidden the Demonspawn Fighter.
The marvelous Orb of Zot lies far below, as if waiting for you to find it.
Press ? for a list of commands and other information.
Found a scroll labelled UGIAFABB APHE, 8 gold pieces and a dagger.
Found a staircase leading out of the dungeon.
e - a scroll labelled UGIAFABB APHE Key pressed, stopping explore.
No target in view!
You now have 8 gold pieces.
Key pressed, stopping explore.
No target in view!
Key pressed, stopping explore.
No target in view!
No target in view!
You now have 14 gold pieces (gained 6).
Found a hunting sling.
No target in view!
Found an escape hatch in the floor.
You now have 22 gold pieces (gained 8).
No target in view!
A hobgoblin comes into view.
The hobgoblin shouts!
You hear a shout!
Found a scroll labelled PIOZAC MUTOESU.
A goblin comes into view. It is wielding a +0 dagger.
The hobgoblin hits you but does no damage.
You see here a +0 hunting sling.
There are monsters nearby!
You closely miss the hobgoblin. The hobgoblin barely misses you.
You closely miss the hobgoblin. You block the hobgoblin's attack.
You hit the hobgoblin.
You kill the hobgoblin!
You closely miss the goblin. The goblin hits you with a +0 dagger.
You puncture the goblin!
You kill the goblin!
Okay, then.
Unknown command.
Are you sure you want to abandon this character and quit the game? (Confirm with "yes".)

.# .# # .# #. .#
#.###># ####...?.#
...?..)..# # #@.#
#.##..#####
#.........#
###.##..###.#
#.......# #.#
#.#.##.## #.# ##.#
#.# #.#
#....##.####.#
#..........#########.


There were no monsters in sight!

Vanquished Creatures
  A hobgoblin (D:1)
  A goblin (D:1)
2 creatures vanquished.

Notes
Turn   | Place    | Note
-------+----------+-------------------------------------------
     0 | D:1      | Morbidden the Demonspawn Fighter began the quest for the
                  | Orb.
     0 | D:1      | Reached XP level 1. HP: 18/18 MP: 1/1
    51 | D:1      | Quit the game

Illustrated notes

Levels and vault maps discovered:
D:1:      dpeg_arrival_orchard, layout_loops_ring, minmay_hexomino_u4

Action                   || total
-------------------------++-------
Melee: Rapier            ||     5
Armor: Scale mail        ||     1
Dodge: Dodged            ||     1
Block: Buckler           ||     1

Table legend: (Time is in decaauts)
 A = Elapsed time spent in this place.
 B = Non-inter-level travel time spent in this place.
 C = Inter-level travel time spent in this place.
 D = Time resting spent in this place.
 E = Time spent auto-exploring this place.
 F = Levels seen in this place.
 G = Mean time per level.
                   A        B        C        D        E       F      G
               +--------+--------+--------+--------+--------+-----+--------+
         Total |     52 |     52 |      0 |      0 |     40 |   1 |   52.0 |
       Dungeon |     52 |     52 |      0 |      0 |     40 |   1 |   52.0 |
               +--------+--------+--------+--------+--------+-----+--------+

Top non-repeatable levels by time:
     D:1: 52 daAuts
